 Dungeon Crawl Stone Soup version 0.20-a0-700-gbd4582c (webtiles) character file.

2111 Shnyaga the Grappler (level 9, -13/84 HPs)
             Began as a Troll Necromancer on Feb 20, 2017.
             Was an Initiate of Ieoh Jian.
             Mangled by Snorg (15 damage)
             ... on level 10 of the Dungeon.
             The game lasted 00:14:52 (1330 turns).

Shnyaga the Grappler (Troll Necromancer)            Turns: 1330, Time: 00:14:52

Health: -13/84     AC:  5    Str: 21    XL:     9   Next: 7%
Magic:  7/9        EV: 10    Int: 11    God:    Ieoh Jian [......]
Gold:   93         SH:  0    Dex: 10    Spells: 8/10 levels left

rFire    . . .     SeeInvis .     - Unarmed
rCold    . . .     Gourm    +   a - +0 robe
rNeg     . . .     Faith    .   (no shield)
rPois    .         Spirit   .   (helmet restricted)
rElec    .         Reflect  .   (no cloak)
rCorr    +         Harm     .   (gloves unavailable)
MR       .....     Clarity  +   (boots unavailable)
Stlth    +.........             (no amulet)
Regen    1.1/turn               (no ring)
MPRegen  0.2/turn               h - ring of resist corrosion

@: very slightly contaminated
A: unfitting armour, claws 3, blurry vision 1, clarity, fast metabolism 3,
gourmand, regeneration 2, shaggy fur 1, tough skin 2
a: Renounce Religion


You were on level 10 of the Dungeon.
You worshipped Ieoh Jian.
Ieoh Jian was noncommittal.
You were completely stuffed.

You visited 2 branches of the dungeon, and saw 12 of its levels.

You collected 93 gold pieces.

Inventory:

Armour
 a - a +0 robe (worn)
Magical Staves
 e - an uncursed staff of energy {unknown}
Jewellery
 h - a ring of resist corrosion (left claw)
Wands
 g - a wand of polymorph (9/24)
Scrolls
 d - a scroll of remove curse
 f - a scroll of identify
Potions
 i - a potion of curing
Books
 b - a book of Necromancy

   Spells                             Type                      Level
   a - Pain                           Necromancy                   1
   b - Animate Skeleton               Necromancy                   1
   c - Vampiric Draining              Necromancy                   3
   d - Regeneration                   Charms/Necromancy            3
   e - Animate Dead                   Necromancy                   4
   f - Control Undead                 Necromancy                   4
Comestibles
 c - 3 bread rations
 j - 5 chunks of flesh
 k - 2 royal jellies


   Skills:
 + Level 3.9 Fighting
 - Level 1.5 Dodging
 - Level 1.0 Stealth
 * Level 10.7 Unarmed Combat
 - Level 1.2 Spellcasting
 - Level 3.2 Necromancy


You had 8 spell levels left.
You knew the following spells:

 Your Spells              Type           Power        Failure   Level  Hunger
a - Pain                  Necr           #...         10%         1    ##.....
b - Animate Skeleton      Necr           N/A          10%         1    ##.....


Dungeon Overview and Level Annotations

Branches:
Dungeon (11/15)            Temple (1/1) D:6
   Lair: D:8-11         Orc: D:9-12

Altars:
Ashenzari
Cheibriados
Dithmenos
Elyvilon
Fedhas
Gozag
Hepliaklqana Ieoh Jian
Kikubaaqudgha
Okawaru
Qazlal
Sif Muna
Vehumet
Yredelemnul
Zin
The Shining One
Beogh

Shops:
D:9 }

Annotations:
D:3 Sigmund
D:10 Graouh's ghost, novice MiFi; Snorg


Innate Abilities, Weirdness & Mutations

You are too large for most types of armour.
You have claws for hands.
Your metabolism is lightning-fast.
You like to eat raw meat.
You heal very quickly.
You are covered in fur. (AC +1)
You have very tough skin. (AC +2)
Scrolls take you a little longer to read.
You possess an exceptional clarity of mind.


Message History

You are very lightly contaminated with residual magic.
You shiver with cold.
You hear a distant blaring wail to the west.
Casting: Animate Skeleton
Confirm with . or Enter, or press ? or * to list all spells.
You attempt to give life to the dead...
Before your eyes, flesh is ripped from the corpse!
The dead are walking!
Snorg closely misses you. Snorg misses you. Snorg claws you but does no damage.
Snorg closely misses you. Snorg claws you!
* * * LOW HITPOINT WARNING * * *
Snorg closely misses you.
You see here 5 chunks of flesh.
Evoke which item? (* to show all) (? for menu, Esc to quit)
Aiming: Polymorph (will waste charges)
Press: ? - help, Shift-Dir - straight line, f - Snorg
Aim: Snorg (moderately wounded, berserk, fast, unusually strong, chance to defeat MR: 15%) Snorg resists with almost no effort.
Evoking this partially-identified wand wasted a few charges.
Snorg bites you!
You die...

######### ######## #.......#
#....... #.......# #.......
#.......# #....... #.......#
#############.......
#.......######oT@.......รท........
#.............Z###########.......
#.......######## #.......
........# ######.# #...>...# ##..#
##....### #..## #####..## #.##
........# #.# ...........# #.#


You could see Snorg (berserk), an orc and a friendly yak skeleton.

Vanquished Creatures
  A steam dragon (D:11)
  6 yaks
  The ghost of JNO the Sneak, an amateur HuAs (D:4)
  2 ice beasts (D:6)
  A sky beast (D:7)
  An ogre (D:8)
  A centaur (D:6)
  A bullfrog (D:10)
  A wyvern skeleton (D:6)
  3 wights
  A howler monkey (D:6)
  A crimson imp (D:9)
  A hound (D:10)
  2 jellies
  A bullfrog skeleton (D:9)
  An iguana (D:6)
  A worker ant (D:9)
  A worker ant zombie (D:10)
  2 adders
  2 shadow imps
  2 oozes
  2 adder zombies (D:6)
  6 orcs
  A ball python (D:4)
  2 giant cockroaches (D:6)
  4 goblins
  A hobgoblin (D:2)
  4 jackals (D:4)
  2 kobolds (D:1)
  A bat (D:1)
  A rat (D:2)
57 creatures vanquished.

Vanquished Creatures (others)
  7 fungi (D:6)
7 creatures vanquished.

Grand Total: 64 creatures vanquished

Notes
Turn   | Place    | Note
-------+----------+-------------------------------------------
     0 | D:1      | Shnyaga the Troll Necromancer began the quest for the Orb.
     0 | D:1      | Reached XP level 1. HP: 16/16 MP: 1/1
    54 | D:1      | Reached skill level 1 in Unarmed Combat
    72 | D:1      | Reached XP level 2. HP: 24/24 MP: 0/2
   130 | D:2      | Reached skill level 2 in Unarmed Combat
   192 | D:3      | Noticed Sigmund
   224 | D:4      | Noticed JNO's ghost (amateur HuAs)
   255 | D:4      | Killed JNO's ghost
   255 | D:4      | Reached skill level 4 in Unarmed Combat
   255 | D:4      | Reached XP level 3. HP: 10/31 MP: 3/3
   255 | D:4      | Reached XP level 4. HP: 13/39 MP: 4/4
   255 | D:4      | Reached XP level 5. HP: 15/45 MP: 5/5
   292 | D:4      | Noticed an ogre
   300 | D:5      | Entered Level 5 of the Dungeon
   320 | D:5      | Found a shadowy altar of Dithmenos.
   354 | D:6      | Reached skill level 5 in Unarmed Combat
   390 | D:6      | Noticed a centaur
   399 | D:6      | Killed a centaur
   421 | D:6      | Reached skill level 6 in Unarmed Combat
   421 | D:6      | Reached XP level 6. HP: 47/53 MP: 6/6
   437 | D:6      | Found a shattered altar of Ashenzari.
   453 | D:6      | Found a hazy altar of Hepliaklqana.
   465 | D:6      | Noticed an ice beast
   470 | D:6      | Killed an ice beast
   476 | D:6      | Noticed an ice beast
   492 | D:6      | Found an ancient bone altar of Kikubaaqudgha.
   518 | D:6      | HP: 2/53 [ice beast (7)]
   524 | D:6      | Killed an ice beast
   524 | D:6      | Reached skill level 7 in Unarmed Combat
   524 | D:6      | Reached XP level 7. HP: 5/59 MP: 7/7
   526 | D:6      | Gained mutation: Your magical capacity is low. (-10% MP) [potion of mutation]
   526 | D:6      | Gained mutation: You are weak. (Str -2) [potion of mutation]
   526 | D:6      | Gained mutation: You are dopey. (Int -2) [potion of mutation]
   526 | D:6      | Lost mutation: You are dopey. (Int -2) [potion of mutation]
   527 | D:6      | Lost mutation: You are weak. (Str -2) [potion of mutation]
   527 | D:6      | Lost mutation: Your magical capacity is low. (-10% MP) [potion of mutation]
   527 | D:6      | Gained mutation: Scrolls take you a little longer to read. [potion of mutation]
   527 | D:6      | Gained mutation: You heal very quickly. [potion of mutation]
   527 | D:6      | Gained mutation: You possess an exceptional clarity of mind. [potion of mutation]
   596 | D:6      | Found a staircase to the Ecumenical Temple.
   605 | Temple   | Entered the Ecumenical Temple
   621 | Temple   | Became a worshipper of the Ieoh Jian Council
   672 | D:6      | Reached skill level 8 in Unarmed Combat
   723 | D:7      | Reached skill level 1 in Fighting
   740 | D:7      | Noticed a two-headed ogre
   855 | D:9      | Found Ypyett's Gadget Shoppe.
   909 | D:9      | Noticed a yak
   909 | D:9      | Noticed a yak
   910 | D:9      | Noticed a yak
   917 | D:9      | Killed a yak
   917 | D:9      | Reached skill level 9 in Unarmed Combat
   917 | D:9      | Reached XP level 8. HP: 72/72 MP: 8/8
   999 | D:10     | Entered Level 10 of the Dungeon
  1011 | D:10     | Noticed Graouh's ghost (novice MiFi)
  1060 | D:10     | Found a roughly hewn altar of Beogh.
  1097 | D:11     | Reached skill level 10 in Unarmed Combat
  1104 | D:10     | Found a deep blue altar of Sif Muna.
  1215 | D:10     | Noticed Snorg
  1266 | D:10     | Reached XP level 9. HP: 39/84 MP: 9/9
  1322 | D:10     | HP: 3/84 [Snorg (13)]
  1327 | D:10     | Learned a level 1 spell: Animate Skeleton
  1329 | D:10     | HP: 1/84 [Snorg (9)]
  1330 | D:10     | Mangled by Snorg

Vault maps used:
D:1:      onia_arrival_mini_spirals
D:2:      nicolae_ru_great_annihilating_truth
D:3:      xom_teletrap_fun, first_bread, feat_on_display, uniq_sigmund,
          uniq_grinder
D:4:      dancing_weapons_uskayaw, serial_bayou, serial_bayou_pond_c,
          serial_bayou_pond_d, serial_bayou_lagoon_a, serial_bayou_pond_e
D:5:      bloody_makhleb, grunt_dithmenos_smoke_and_mirrors,
          nrook_pool_corridor, uniq_blork_the_orc
D:6:      marbit_many_paths, chequers_temple_overflow_statue_of_worship,
          temple_statues, serial_aquarium, aquarium_bridge_straight,
          aquarium_bridge_square, aquarium_window_1, aquarium_window_2,
          aquarium_view_2d, aquarium_view_2f, aquarium_balcony_3a
D:8:      grunt_lair_entry_orc_guard_hut, tso_metal_star, uniq_grum
D:9:      lemuel_bear_cage, serial_shops, shop, hangedman_ranch
D:10:     hiddenorc1_lemuel, led_sif_book, uniq_snorg, uniq_joseph
D:11:     serial_shops, shop, nicolae_looking_at_the_future
Temple:   nicolae_temple_great_sept

Skill      XL: |  1  2  3  4  5  6  7  8 |
---------------+-------------------------+-----
Unarmed Combat | 1 4 6 7 9 10 | 10.7
Fighting       | 2 3 |  3.9
Dodging        | |  1.5
Stealth        | |  1.0
Spellcasting   | |  1.2
Necromancy     | |  3.2

Action                   |  1- 3 |  4- 6 |  7- 9 || total
-------------------------+-------+-------+-------++-------
Melee: Unarmed           |    69 |    50 |   129 ||   248
       Punch             |     1 |       |    10 ||    11
 Cast: Pain              |     3 |       |       ||     3
       Animate Skeleton  |       |       |     1 ||     1
Evoke: Wand              |       |       |     1 ||     1
  Use: Scroll            |     2 |     1 |     6 ||     9
       Potion            |       |       |     5 ||     5
 Stab: Sleeping          |     1 |       |     1 ||     2
  Eat: Chunk             |     8 |     2 |     8 ||    18
Armor: Robe              |    39 |     6 |    20 ||    65
Dodge: Dodged            |    34 |    22 |    54 ||   110
